 Dungeon Crawl Stone Soup version 0.28-a0-1143-gcf6077d4cc (webtiles) character file.

Game seed: 9171984983239022689

109501 leviel the Slayer (level 16, -3/168 HPs)
             Began as a Hill Orc Fighter on Dec 13, 2021.
             Was the Champion of Okawaru.
             Slain by a bunyip (39 damage)
             ... on level 2 of the Swamp.
             The game lasted 00:46:15 (27937 turns).

leviel the Slayer (Hill Orc Fighter)               Turns: 27937, Time: 00:46:15

Health: -3/168     AC: 25    Str: 27    XL:     16   Next: 52%
Magic:  19/23      EV:  7    Int:  8    God:    Okawaru [******]
Gold:   846        SH: 14    Dex: 10    Spells: 15/15 levels left

rFire   . . .      SeeInvis +   V - +1 war axe (flame)
rCold   . . .      Faith    .   U - +2 kite shield of Gehenna {rElec rCorr}
rNeg    . . .      Spirit   .   N - +2 plate armour {rPois}
rPois   +          Reflect  .   t - +2 hat
rElec   +          Harm     .   j - +1 cloak
rCorr   +          Rampage  +   M - +2 pair of gloves {infuse}
Will    +....                   X - +0 pair of boots of Skepticism {Rampage rElec SInv}
Stlth   ..........              u - amulet of regeneration
HPRegen 1.18/turn               q - +4 ring of slaying
MPRegen 0.18/turn               r - ring of flight

@: flying, slowed, studying Ice Magic, very slow
A: no striking features
a: Renounce Religion, Heroism, Finesse, Duel


You were on level 2 of the Swamp.
You worshipped Okawaru.
Okawaru was exalted by your worship.
You visited 5 branches of the dungeon, and saw 23 of its levels.
You also visited: Ice Cave.

You collected 1967 gold pieces.
You spent 1121 gold pieces at shops.

Inventory:

Hand Weapons
 a - a +4 war axe of protection
 J - a +2 executioner's axe of freezing
 P - the +8 broad axe of Elarch {vorpal, rF+ Int+3}
   (Okawaru gifted it to you on level 11 of the Dungeon)

   It inflicts extra damage upon your enemies.
   Int:       It affects your intelligence (+3).
   rF:        It protects you from fire.
 V - a +1 war axe of flaming (weapon)
Missiles
 d - 3 throwing nets
 o - 71 poisoned darts (quivered)
Armour
 j - a +1 cloak (worn)
 t - a +2 hat (worn)
 y - a +1 plate armour of cold resistance
 M - a +2 pair of gloves of infusion (worn)
 N - a +2 plate armour of poison resistance (worn)
 U - the +2 kite shield of Gehenna (worn) {rElec rCorr}
   (You bought it in a shop on level 2 of the Orcish Mines)

   rElec:     It insulates you from electricity.
   rCorr:     It protects you from acid and corrosion.
 X - the +0 pair of boots of Skepticism (worn) {Rampage rElec SInv}
   (Okawaru gifted it to you on level 4 of the Lair of Beasts)

   rElec:     It insulates you from electricity.
   SInv:      It lets you see invisible.
   Rampage:   It bestows one free step when moving towards enemies.
Jewellery
 q - a +4 ring of slaying (left hand)
 r - a ring of flight (right hand)
 u - an amulet of regeneration (around neck)
 z - a ring of willpower
 B - a +6 ring of dexterity
 E - a ring of willpower
 I - a ring of poison resistance
 R - the ring "Zuuheakh" {rF+ Int+3 Dex+2}
   (You found it on level 1 of the Lair of Beasts)

   [ring of protection from fire]

   Int:       It affects your intelligence (+3).
   Dex:       It affects your dexterity (+2).
   rF:        It protects you from fire.
Wands
 v - a wand of paralysis (12)
 A - a wand of iceblast (12)
 F - a wand of digging (9)
 K - a wand of flame (35)
 Q - a wand of polymorph (14)
 Z - a wand of mindburst (12)
Scrolls
 c - 3 scrolls of teleportation
 e - 12 scrolls of identify {@r1}
 f - 3 scrolls of summoning
 p - 2 scrolls of fog
 C - a scroll of brand weapon
 D - 3 scrolls of fear
 H - a scroll of amnesia
 O - a scroll of enchant weapon {@r3}
 W - 3 scrolls of magic mapping
 Y - a scroll of immolation {unknown}
Potions
 g - 3 potions of flight
 h - a potion of heal wounds
 i - a potion of ambrosia
 k - a potion of invisibility
 l - 2 potions of brilliance
 m - 4 potions of mutation
 n - a potion of resistance
 s - 4 potions of haste
 w - 5 potions of lignification
 x - 6 potions of curing
 G - 2 potions of might
 S - 3 potions of berserk rage
 T - 2 potions of cancellation
Miscellaneous
 L - a condenser vane


   Skills:
 + Level 21.9 Fighting
 - Level 18.0 Axes
 - Level 9.5 Armour
 - Level 15.0 Shields
 - Level 9.8 Invocations
 - Level 5.0 Evocations


You had 15 spell levels left.
You didn't know any spells.
Your spell library contained the following spells:

 Spells                   Type           Power      Damage    Failure   Level
 Beastly Appendage        Tmut           0%         N/A       98%         1
 Foxfire                  Conj/Fire      0%         2x1d4     98%         1
 Wereblood                Tmut           0%         N/A       99%         2
 Conjure Flame            Conj/Fire      0%         6-21      100%        3
 Inner Flame              Hex/Fire       0%         N/A       100%        3
 Ozocubu's Armour         Ice            0%         N/A       100%        3
 Spider Form              Tmut/Pois      0%         N/A       100%        3
 Cause Fear               Hex            0%         N/A       100%        4
 Flame Wave               Conj/Fire      0%         2d4       100%        4
 Leda's Liquefaction      Hex/Erth       0%         N/A       100%        4
 Passage of Golubria      Tloc           0%         N/A       100%        4
 Lee's Rapid Deconstruct  Erth           0%         3d5*      100%        5
 Yara's Violent Unravell  Hex/Tmut       0%         3d3       100%        5
 Statue Form              Tmut/Erth      0%         N/A       100%        6
 Ozocubu's Refrigeration  Ice            0%         4d5       100%        7
 Discord                  Hex            0%         N/A       100%        8
 Tukima's Dance           Hex            Unusable   N/A       N/A         3

Dungeon Overview and Level Annotations

Branches:
Dungeon (12/15)            Temple (1/1) D:4            Lair (6/6) D:10
  Swamp (2/4) Lair:4        Snake (0/4) Lair:4        Slime (0/5) Lair:5
    Orc (2/2) D:9             Elf (0/3) Orc:2         IceCv (visited)

Altars:
Ashenzari
Cheibriados
Dithmenos
Elyvilon
Fedhas
Gozag
Hepliaklqana
Kikubaaqudgha
Makhleb
Nemelex Xobeh
Okawaru
Qazlal
Ru
Sif Muna
Trog
Uskayaw
Vehumet
Wu Jian
Xom
Yredelemnul
Zin
The Shining One
Lugonu

Shops:
D:5 (   Orc:1 ??*?*   Orc:2 ((![=

Portals:
Abyss: Lair:6

Annotations:
Lair:1 3 runed translucent doors, HilariousDeathArtist's ghost, journeyman HuWn
Lair:6 Rupert


Message History

The trees move their gnarly branches around.
The six-headed hydra bites you but does no damage. x3
The six-headed hydra closely misses you.
You block the six-headed hydra's attack. x2
You open the spriggan druid like a pillowcase!!!
With its final breath, the spriggan druid offers up its power to the beasts of the wild!
The six-headed hydra seems to grow more fierce.
The bunyip seems to grow more fierce.
You kill the spriggan druid!
Okawaru accepts your kill.
You hear a splash. x2
The forest abruptly stops moving.
You hack one of the six-headed hydra's heads off!
The five-headed hydra grows two more!
You hit the seven-headed hydra. The seven-headed hydra bites you!
The seven-headed hydra bites you!!
* * * LOW HITPOINT WARNING * * *
The seven-headed hydra barely misses you.
You block the seven-headed hydra's attack. x2
The seven-headed hydra bites you but does no damage.
You block the seven-headed hydra's attack.
Your +1 war axe of flaming bursts into flame!
V - a +1 war axe of flaming (weapon)
You block the seven-headed hydra's attack.
The seven-headed hydra bites you but does no damage.
The seven-headed hydra bites you!
* * * LOW HITPOINT WARNING * * *
The seven-headed hydra completely misses you.
The seven-headed hydra bites you but does no damage.
The seven-headed hydra bites you!
* * * LOW HITPOINT WARNING * * *
The seven-headed hydra barely misses you.
The bunyip howls a warning cry!
You hear a deafening roar!
Okay, then.
Blink to where?
Press: ? - help, Dir - move target
As you read the scroll of blinking, it crumbles to dust.
The bunyip claws you but does no damage.
The bunyip claws you!!!
You die...

≈≈≈.♣♣ ≈≈≈≈. ≈≈...♣ ..≈♣
.≈≈≈.♣♣♣♣♣♣♣♣..♣♣♣♣
≈≈≈†x♣≈[≈♣♣...≈≈≈≈♣
≈≈≈.i≈♣..♣≈...≈≈≈.♣ ≈≈≈
≈≈≈..♣♣)..≈†...≈≈.♣♣ ≈≈≈.
≈≈≈≈≈≈♣..x.♣.D.§≈≈≈♣♣♣ ≈≈..
...≈.≈♣.≈≈≈♣♣♣.≈§§≈≈≈♣♣ ≈≈≈.#
♣....♣♣.≈≈≈♣♣♣♣x@≈≈≈≈≈♣ ♣♣....#
♣.≈♣♣♣♣.....♣♣♣♣[[≈≈≈.♣♣♣§...♣♣
♣≈♣♣ ♣♣..♣≈≈♣ ♣[≈≈≈≈.♣.≈≈...≈♣
.≈♣ ♣♣♣♣♣♣♣ ♣.≈≈≈≈.≈≈≈≈.≈≈.♣♣
..♣ ♣.≈≈§≈.÷.[..≈≈..♣ ♣♣♣
♣.≈≈≈≈≈♣♣..≈≈...≈ ≈♣
♣♣≈<..≈♣≈♣.§..♣♣. ≈♣ ♣♣♣≈♣≈.♣
♣♣♣♣♣ ♣♣ ♣♣♣♣♣♣


You could see a bunyip (strong) and a seven-headed hydra (strong).

Vanquished Creatures
  Jorgrun (Swamp:1)
  Kirke (Lair:4)
  An orc warlord (Arena)
  4 eleionomae (Swamp:2)
  3 bunyips
  The ghost of rougesareth the Protected, a journeyman DDFi of Makhleb (Lair:6)
  An ettin (Orc:1)
  Harold (D:10)
  10 hydras
  A boulder beetle (Lair:2)
  2 ogre magi (Orc:2)
  A centaur warrior (D:11)
  6 alligators
  9 two-headed ogres
  11 death yaks
  2 thrashing horrors (Lair:6)
  Nergalle (Lair:2)
  3 goliath frogs
  3 spriggan druids
  2 deep trolls (Orc:1)
  3 swamp dragons (Swamp:2)
  A lindwurm (Lair:6)
  6 bog bodies
  An orc knight (Orc:1)
  3 ugly things
  A necromancer (IceCv)
  2 orc sorcerers
  2 deep elf pyromancers
  5 cyclopes
  A will-o-the-wisp (Swamp:2)
  2 manticores
  10 elephants (Lair:4)
  8 black mambas
  2 ice statues (IceCv)
  A torpor snail (Lair:6)
  Maggie (Lair:2)
  A komodo dragon (shapeshifter) (Lair:6)
  A kobold demonologist (D:9)
  16 cane toads
  3 rime drakes
  2 entropy weaver simulacra (IceCv)
  6 ice devils (IceCv)
  2 anaconda simulacra (IceCv)
  11 komodo dragons
  2 ancient zymes (Lair:6)
  A queen bee (D:10)
  13 trolls
  7 polar bears
  3 tyrant leeches (Swamp:1)
  Prince Ribbit (Lair:2)
  7 slime creatures
  5 hornets
  24 blink frogs
  Sigmund (D:6)
  30 yaks
  11 spriggans
  2 wraiths
  3 ynoxinuls (Lair:6)
  3 dire elephant simulacra (IceCv)
  8 wyverns
  2 vampires
  3 shadows
  2 large abominations (Lair:6)
  3 hogs (Lair:4)
  8 basilisks
  A steam dragon (Lair:4)
  19 vampire mosquitoes
  A chaos spawn (Lair:6)
  A death yak simulacrum (IceCv)
  3 harpy simulacra (IceCv)
  5 swamp worms
  4 wargs
  4 nagas (Lair:4)
  8 water moccasins
  A swamp drake (Swamp:1)
  12 orc warriors
  10 small abominations (Lair:6)
  A sky beast (D:6)
  25 ogres
  A black bear (D:6)
  3 ice beasts
  A necrophage (D:7)
  8 wolves
  3 centaurs
  A phantom (D:5)
  16 bullfrogs
  2 kobold brigands
  A scorpion (D:4)
  2 gnoll sergeants
  A two-headed ogre simulacrum (IceCv)
  2 water moccasin skeletons
  16 killer bees
  5 wights (D:8)
  A howler monkey (D:6)
  A bullfrog zombie (D:6)
  3 centaur zombies
  5 jellies
  A gnoll shaman (D:6)
  10 orc priests
  24 orc wizards
  A polar bear simulacrum (IceCv)
  A killer bee zombie (D:7)
  16 gnolls
  4 adders
  A naga simulacrum (IceCv)
  A white imp (D:6)
  2 ufetubi
  5 worms
  3 dart slugs
  59 orcs
  4 bats
  5 endoplasms
  2 giant cockroaches
  6 goblins
  7 hobgoblins
  14 jackals
  15 kobolds
  3 quokkas
  10 ball pythons
  2 frilled lizards
  A rat (D:3)
  A spectral goblin (D:1)
659 creatures vanquished.

Vanquished Creatures (others)
  A bloated husk (Swamp:2)
  An orc (Orc:1)
  2 foxfires (Swamp:2)
  36 fungi
  72 plants
112 creatures vanquished.

Grand Total: 771 creatures vanquished

Notes
Turn   | Place    | Note
-------+----------+-------------------------------------------
     0 | D:1      | leviel the Hill Orc Fighter began the quest for the Orb.
     0 | D:1      | Reached XP level 1. HP: 19/19 MP: 1/1
   248 | D:1      | Reached XP level 2. HP: 24/27 MP: 2/2
   464 | D:1      | Found a faded altar of an unknown god.
   528 | D:1      | Reached XP level 3. HP: 33/33 MP: 3/3
   593 | D:1      | Reached skill level 4 in Fighting
  1555 | D:2      | Reached XP level 4. HP: 38/40 MP: 4/4
  2497 | D:3      | Found a hazy altar of Hepliaklqana.
  2533 | D:3      | Found an opulent altar of Gozag.
  2661 | D:3      | Found a shadowy altar of Dithmenos.
  2821 | D:4      | Noticed a scorpion
  2825 | D:4      | Killed a scorpion
  2826 | D:4      | Reached XP level 5. HP: 36/47 MP: 5/5
  3037 | D:4      | Found a bloodstained altar of Trog.
  3037 | D:4      | Found a stormy altar of Qazlal.
  3072 | D:4      | Reached skill level 5 in Axes
  3321 | D:4      | Found a staircase to the Ecumenical Temple.
  3354 | Temple   | Entered the Ecumenical Temple
  3545 | Temple   | Became a worshipper of Warmaster Okawaru
  3761 | D:5      | Entered Level 5 of the Dungeon
  3766 | D:5      | Reached XP level 6. HP: 55/55 MP: 6/6
  3846 | D:5      | Noticed a black bear
  3922 | D:5      | Reached skill level 5 in Fighting
  3922 | D:5      | Reached skill level 1 in Invocations
  4103 | D:5      | Found Muommul's Weapon Shop.
  4108 | D:5      | Noticed an ice beast
  4119 | D:5      | Killed an ice beast
  4119 | D:5      | Reached * piety under Okawaru
  4120 | D:5      | Reached XP level 7. HP: 44/61 MP: 8/8
  4185 | D:5      | Reached skill level 5 in Armour
  4345 | D:6      | Reached ** piety under Okawaru
  4470 | D:6      | Noticed Sigmund
  4473 | D:6      | Reached skill level 6 in Fighting
  4473 | D:6      | Reached XP level 8. HP: 67/70 MP: 10/10
  4637 | D:6      | Killed Sigmund
  4838 | D:6      | Reached *** piety under Okawaru
  5157 | D:7      | Reached skill level 5 in Invocations
  5384 | D:7      | Reached skill level 7 in Fighting
  5648 | D:7      | Noticed a wraith
  5661 | D:7      | Killed a wraith
  5662 | D:7      | Reached skill level 1 in Evocations
  5662 | D:7      | Reached XP level 9. HP: 50/79 MP: 11/13
  5827 | D:8      | Reached skill level 10 in Axes
  6002 | D:8      | Reached **** piety under Okawaru
  6221 | D:8      | Reached skill level 8 in Fighting
  6276 | D:8      | Found a glowing silver altar of Zin.
  6441 | D:8      | Noticed a deep elf pyromancer
  6458 | D:8      | Killed a deep elf pyromancer
  6458 | D:8      | Reached ***** piety under Okawaru
  6459 | D:8      | Reached XP level 10. HP: 77/88 MP: 15/15
  6755 | D:9      | Received a gift from Okawaru
  6863 | D:9      | Noticed a deep elf pyromancer
  6875 | D:9      | Killed a deep elf pyromancer
  7279 | D:9      | Found a staircase to the Orcish Mines.
  7341 | D:9      | Noticed a kobold demonologist
  7351 | D:9      | Noticed a sixfirhy
  7354 | D:9      | Noticed a smoke demon
  7354 | D:9      | Noticed a rust devil
  7489 | D:9      | Noticed a two-headed ogre
  7511 | D:9      | Killed a two-headed ogre
  7512 | D:9      | Reached skill level 9 in Fighting
  7661 | D:9      | Reached XP level 11. HP: 95/97 MP: 17/17
  7882 | D:9      | Noticed a sixfirhy
  7891 | D:9      | Reached skill level 5 in Shields
  7891 | D:9      | Reached skill level 5 in Evocations
  8095 | D:10     | Entered Level 10 of the Dungeon
  8294 | D:10     | Noticed Harold
  8310 | D:10     | Killed Harold
  8445 | D:10     | Found a staircase to the Lair.
  8545 | Orc:1    | Entered Level 1 of the Orcish Mines
  8551 | Orc:1    | Found Kymahi's Magic Scroll Shoppe.
  8554 | Orc:1    | Found Feoxkiec's Magic Scroll Shoppe.
  8711 | Orc:1    | Bought a scroll of enchant weapon for 105 gold pieces
  8711 | Orc:1    | Bought a scroll of enchant weapon for 105 gold pieces
  8736 | Orc:1    | Bought a scroll of enchant armour for 105 gold pieces
  8736 | Orc:1    | Bought a scroll of teleportation for 42 gold pieces
  8736 | Orc:1    | Bought a scroll of teleportation for 42 gold pieces
  8736 | Orc:1    | Bought a scroll of fear for 49 gold pieces
  8747 | Orc:1    | Found Qukulesuz's General Store.
  8747 | Orc:1    | Found Zezeok's Magic Scroll Boutique.
  8754 | Orc:1    | Noticed an orc knight
  8767 | Orc:1    | Killed an orc knight
  9027 | Orc:1    | Received a gift from Okawaru
  9196 | Orc:1    | Noticed an orc warlord
  9196 | Orc:1    | Noticed an orc sorcerer
  9196 | Orc:1    | Noticed an orc sorcerer
  9209 | Orc:1    | Paralysed by an orc sorcerer for 5 turns
  9212 | Orc:1    | Noticed a sun demon
  9213 | Orc:1    | Noticed a soul eater
  9332 | Orc:1    | Reached skill level 10 in Fighting
  9461 | Arena    | Entered the Arena
  9480 | Arena    | Killed an orc warlord
  9625 | Orc:1    | Paralysed by an orc sorcerer for 2 turns
  9635 | D:9      | Killed an orc sorcerer
  9716 | Orc:1    | Killed an orc sorcerer
  9930 | Orc:1    | Found Taaqaq's General Store.
  9939 | Orc:1    | Bought a scroll of teleportation for 45 gold pieces
  9954 | Orc:1    | Bought a scroll of blinking for 97 gold pieces
 10122 | Orc:2    | Entered Level 2 of the Orcish Mines
 10122 | Orc:2    | Noticed a deep troll
 10122 | Orc:2    | Found Omeok's Armour Shop.
 10123 | Orc:2    | Noticed an ettin
 10126 | Orc:2    | Noticed an ogre mage
 10138 | Orc:1    | Killed a deep troll
 10139 | Orc:1    | Reached XP level 12. HP: 31/107 MP: 1/19
 10428 | D:10     | Reached skill level 15 in Axes
 11463 | D:11     | Noticed a centaur warrior
 11475 | D:11     | Killed a centaur warrior
 11475 | D:11     | Reached ****** piety under Okawaru
 11475 | D:11     | Identified the +8 broad axe of Elarch {vorpal, rF+ Int+3}
                  | (Okawaru gifted it to you on level 11 of the Dungeon)
 11475 | D:11     | Received a gift from Okawaru
 11486 | D:11     | Found a frozen archway.
 11513 | IceCv    | Entered an ice cave
 12308 | IceCv    | Received a gift from Okawaru
 12309 | IceCv    | Reached skill level 10 in Shields
 12830 | IceCv    | Reached XP level 13. HP: 106/114 MP: 0/20
 13748 | D:12     | Received a gift from Okawaru
 13994 | Lair:1   | Entered Level 1 of the Lair of Beasts
 14188 | Lair:1   | Found a runed translucent gate.
 14188 | Lair:1   | Found a runed translucent gate.
 14189 | Lair:1   | Found a runed translucent gate.
 14189 | Lair:1   | Noticed a minotaur
 14190 | Lair:1   | Noticed HilariousDeathArtist's ghost (journeyman HuWn)
 14816 | Lair:1   | Identified the ring "Zuuheakh" {rF+ Int+3 Dex+2}
 15537 | Orc:1    | Killed an ettin
 16358 | Orc:1    | Received a gift from Okawaru
 16636 | Orc:2    | Paralysed by something for 4 turns
 16744 | Orc:2    | Reached XP level 14. HP: 122/122 MP: 9/21
 16921 | Orc:2    | Found a staircase to the Elven Halls.
 16971 | Orc:2    | Found Kuuxarph's Distillery.
 16977 | Orc:2    | Found Bytug's Antique Weapon Boutique.
 16978 | Orc:2    | Found Yrelloekh's Antique Weapon Shop.
 16980 | Orc:2    | Bought a potion of berserk rage for 60 gold pieces
 16980 | Orc:2    | Bought a potion of cancellation for 96 gold pieces
 17256 | Orc:2    | Found Ehup's Jewellery Shop.
 17366 | Orc:2    | Reached skill level 15 in Shields
 17717 | Orc:2    | Bought the +2 kite shield of Gehenna {rElec rCorr} for 375
                  | gold pieces
 17890 | Lair:2   | Reached skill level 11 in Fighting
 18080 | Lair:2   | Noticed Prince Ribbit
 18090 | Lair:2   | Killed Prince Ribbit
 18280 | Lair:2   | Noticed Nergalle
 18285 | Lair:2   | Noticed Maggie
 18287 | Lair:2   | Killed Nergalle
 18299 | Lair:2   | Killed Maggie
 18534 | Lair:2   | Reached skill level 12 in Fighting
 18598 | Lair:2   | You fall into a shaft and drop 2 floors!
 18637 | Lair:4   | Reached skill level 13 in Fighting
 18823 | Lair:4   | Found a staircase to the Snake Pit.
 18962 | Lair:4   | Noticed Kirke
 18970 | Lair:4   | Identified the +8 quarterstaff of Truth {speed, rC+}
                  | (Okawaru gifted it to you on level 4 of the Lair of Beasts)
 18970 | Lair:4   | Received a gift from Okawaru
 18976 | Lair:4   | Killed Kirke
 18979 | Lair:4   | Reached skill level 14 in Fighting
 19393 | Lair:4   | Found a staircase to the Swamp.
 19403 | Lair:4   | Identified the +0 pair of boots of Skepticism {Rampage
                  | rElec SInv} (Okawaru gifted it to you on level 4 of the
                  | Lair of Beasts)
 19403 | Lair:4   | Received a gift from Okawaru
 19411 | Lair:4   | Reached skill level 15 in Fighting
 19927 | Lair:5   | Found a staircase to the Slime Pits.
 20509 | Lair:5   | Reached XP level 15. HP: 127/143 MP: 0/22
 20514 | Lair:5   | Reached skill level 16 in Fighting
 21002 | Lair:6   | Entered Level 6 of the Lair of Beasts
 21457 | Lair:6   | Found a runed translucent gate.
 21457 | Lair:6   | Found a runed translucent gate.
 21457 | Lair:6   | Found a runed translucent gate.
 21459 | Lair:6   | Noticed rougesareth's ghost (journeyman DDFi)
 21487 | Lair:6   | Killed rougesareth's ghost
 21492 | Lair:6   | Reached skill level 17 in Fighting
 22065 | Lair:6   | Noticed Rupert
 22368 | Lair:6   | Reached skill level 18 in Fighting
 22759 | Lair:6   | Received a gift from Okawaru
 22960 | Lair:6   | Found a corrupted altar of Lugonu.
 22960 | Lair:6   | Found a one-way gate to the infinite horrors of the Abyss.
 23715 | Swamp:1  | Entered Level 1 of the Swamp
 23721 | Swamp:1  | Reached skill level 19 in Fighting
 24499 | Lair:3   | Reached skill level 20 in Fighting
 24617 | Lair:3   | Reached XP level 16. HP: 162/162 MP: 18/23
 26952 | Swamp:1  | Identified the +0 pair of gloves "Yzoitae" {Dex+7} (Okawaru
                  | gifted it to you on level 1 of the Swamp)
 26952 | Swamp:1  | Received a gift from Okawaru
 26953 | Swamp:1  | Noticed Jorgrun
 26970 | Swamp:1  | Killed Jorgrun
 27090 | Swamp:1  | Reached skill level 21 in Fighting
 27937 | Swamp:2  | Slain by a bunyip

Illustrated notes

Levels and vault maps discovered:
D:1:      dpeg_arrival_round_b, layout_rooms,
          dreamdust_ecumenical_altar_drowned_temple, serial_bayou_lake_a
D:2:      layout_basic, minmay_surrounded
D:3:      layout_loops_cross, mainiacjoe_overflow_cross_hatched,
          nicolae_gozag_cash_rules_everything_around_me, old_standard_altar,
          ebering_dispersal_statue_hall
D:4:      layout_gridville, gammafunk_temple_overflow_elements,
          minmay_temple_entry_glassed_door
D:5:      layout_gridville, serial_shops, nicolae_shop_bloodbath_and_beyond
D:6:      layout_loops_cross, uniq_sigmund
D:7:      layout_loops_ring, kennysheep_generic_room_13
D:8:      layout_loops_ring, mainiacjoe_overflow_brackets
D:9:      minmay_angry_zag, layout_irregular_city, orc_0_dummy
D:10:     layout_long_grid, david_lair_shrubbed, hive_lemuel, uniq_harold
D:11:     layout_cave_pools, portal_ice_cave_entry_pillars_2
D:12:     layout_irregular_city, grunt_ministairs_15, okawaru_ov_weapons_minmay
Temple:   regret_index_temple_sphere_string
Lair:1:   layout_roguey, maelrawn_ghost_gauntlet_escape
Lair:2:   layout_cave_pods, lemuel_fruit_fields, infiniplex_staircase_pool,
          grunt_megastairs_5, uniq_maggie, uniq_prince_ribbit2, uniq_nergalle
Lair:3:   layout_long_grid, hibernation_bobbens
Lair:4:   layout_roguey, skrybe_swamp_entry_bodies,
          minmay_snake_entry_guardpost_medium, minmay_holes,
          grunt_forest_small_clearing_treed, grunt_megastairs_4, uniq_kirke
Lair:5:   layout_roguey, minmay_slime_entry_pillars, serial_bayou_lagoon_a,
          beast_lair_carwin_2
Lair:6:   hellmonk_lair_end_abyssal_woods, layout_layer_cave,
          gammafunk_ghost_hydra_chop, serial_bayou_shore_a, uniq_rupert
Swamp:1:  layout_falls_marsh, evilmike_swamp_ruin_house_2, uniq_jorgrun
Swamp:2:  layout_basic_swamp, evilmike_swamp_ruin_house_4
Orc:1:    layout_caves, serial_shops, shop, nicolae_diamond_shop, shop, shop,
          shop
Orc:2:    st_orc_open, layout_caves, serial_shops, nicolae_square_shop

Skill      XL: |  1  2  3  4  5  6  7  8  9 10 11 12 13 14 15 16 |
---------------+-------------------------------------------------+-----
Axes           | 3 4 5 6 8 9 11 12 14 16 18 | 18.0
Fighting       | 4 5 6 7 8 9 10 15 20 21 | 21.9
Armour         | 4 5 6 7 8 9 |  9.5
Shields        | 4 6 11 14 15 | 15.0
Invocations    | 2 3 5 7 8 9 |  9.8
Evocations     | 1 3 4 5 |  5.0

Action                   |  1- 3 |  4- 6 |  7- 9 | 10-12 | 13-15 | 16-18 || total
-------------------------+-------+-------+-------+-------+-------+-------++-------
Melee: War axe           |    97 |   121 |   231 |   625 |    67 |       ||  1141
       Broad axe         |       |       |       |       |   651 |   176 ||   827
Throw: Dart              |       |       |     4 |       |       |       ||     4
       Throwing net      |       |       |     2 |     3 |       |       ||     5
Invok: Heroism           |       |       |       |     2 |     2 |     1 ||     5
       Finesse           |       |       |       |     1 |       |       ||     1
       Duel              |       |       |       |     1 |       |       ||     1
Evoke: Wand              |       |       |       |     6 |     1 |       ||     7
  Use: Scroll            |     1 |       |    15 |    14 |     6 |     3 ||    39
       Potion            |       |       |     1 |     4 |     1 |       ||     6
 Stab: Held in net/web   |       |       |     1 |     2 |       |       ||     3
       Fleeing           |       |       |       |       |     1 |       ||     1
Armor: Scale mail        |    44 |    58 |   117 |   188 |       |       ||   407
       Plate armour      |       |       |       |   204 |   297 |   103 ||   604
Dodge: Dodged            |    49 |    59 |    64 |   156 |   134 |    52 ||   514
Block: Buckler           |    21 |    25 |    24 |     8 |       |       ||    78
       Kite shield       |       |       |       |   299 |   392 |   108 ||   799

Table legend: (Time is in decaauts)
 A = Elapsed time spent in this place.
 B = Non-inter-level travel time spent in this place.
 C = Inter-level travel time spent in this place.
 D = Time resting spent in this place.
 E = Time spent auto-exploring this place.
 F = Levels seen in this place.
 G = Mean time per level.
                   A        B        C        D        E       F      G
               +--------+--------+--------+--------+--------+-----+--------+
         Total |  27899 |  26111 |   1788 |   3953 |  17728 |  25 | 1116.0 |
       Dungeon |  11687 |  10617 |   1070 |   1500 |   6966 |  12 |  973.9 |
        Temple |    213 |    143 |     70 |      0 |    128 |   1 |  213.0 |
          Lair |   9683 |   9284 |    399 |    960 |   7309 |   6 | 1613.8 |
         Swamp |   1509 |   1470 |     39 |    292 |    840 |   2 |  754.5 |
  Orcish Mines |   3305 |   3096 |    209 |    636 |   1812 |   2 | 1652.5 |
      Ice Cave |   1468 |   1468 |      0 |    548 |    672 |   1 | 1468.0 |
         Arena |     32 |     32 |      0 |     17 |      0 |   1 |   32.0 |
               +--------+--------+--------+--------+--------+-----+--------+

Top non-repeatable levels by time:
  Lair:6: 2637 daAuts
     D:9: 2208 daAuts
   Orc:1: 2103 daAuts
  Lair:2: 1712 daAuts
    D:10: 1660 daAuts
   IceCv: 1468 daAuts
     D:2: 1382 daAuts
  Lair:1: 1381 daAuts
  Lair:4: 1373 daAuts
  Lair:3: 1359 daAuts
  Lair:5: 1218 daAuts
   Orc:2: 1201 daAuts
 Swamp:1: 1201 daAuts
     D:8: 1052 daAuts
     D:1: 798 daAuts
